 Dungeon Crawl Stone Soup version 0.30-a0-972-gf3ab3527aa (webtiles) character file.

Game seed: 3321901076403281462

2428 Azronical the Firebug (level 9, -2/67 HPs)
             Began as a Yellow Draconian Fire Elementalist on Mar 31, 2023.
             Was the Champion of Jiyva.
             Slain by a vampire (6 damage)
             ... on level 8 of the Dungeon.
             The game lasted 00:29:14 (7156 turns).

Azronical the Firebug (DrFE)                        Turns: 7156, Time: 00:29:14

Health: -2/67      AC:  7    Str: 10    XL:     9   Next: 24%
Magic:  18/18      EV: 13    Int: 18    God:    Jiyva [******]
Gold:   308        SH:  0    Dex: 16    Spells: 18/21 levels left

rFire   . . .      SeeInvis .    m - +3 flail (holy)
rCold   . . .      Faith    .    (no shield)
rNeg    . . .      Spirit   .    (body armour unavailable)
rPois   .          Reflect  .    (helmet restricted)
rElec   .          Rampage  .    (no cloak)
rCorr   +                        (no gloves)
Will    .....                    (no boots)
Stlth   +++                      (no amulet)
HPRegen 1.91/turn                (no ring)
MPRegen 0.66/turn                (no ring)

@: brilliant, flying
A: spit acid, AC +7, unfitting armour, cold-blooded, acid resistance, big wings,
stinger 1, agile 1, pseudopods 3, translucent skin 1, jelly sensing items,
engulf
a: Breathe Acid, Renounce Religion, Oozemancy, Slimify


You were on level 8 of the Dungeon.
You worshipped Jiyva.
Jiyva was exalted by your worship.
You visited 1 branch of the dungeon, and saw 8 of its levels.
You also visited: Sewer.

You collected 308 gold pieces.

Inventory:

Hand Weapons
 m - a +3 flail of holy wrath (weapon)
Jewellery
 g - a ring of ice
 o - a +5 ring of evasion
Scrolls
 b - 4 scrolls of identify {unknown}
 e - a scroll of teleportation {unknown}
 h - a scroll of amnesia {unknown}
 i - a scroll of noise {unknown}
 l - a scroll of silence {unknown}
Potions
 a - 3 potions of magic
 d - 3 potions of haste {unknown}
 f - 5 potions of degeneration
 j - 4 potions of flight
 k - a potion of invisibility
 n - a potion of berserk rage {unknown}


   Skills:
 + Level 2.1 Fighting
 + Level 4.0 Dodging
 + Level 2.7 Stealth
 + Level 0.2 Unarmed Combat
 + Level 6.6 Spellcasting
 + Level 6.3 Conjurations
 + Level 7.0 Fire Magic


You had 18 spell levels left.
You knew the following spells:

 Your Spells              Type           Power      Damage    Failure   Level
a - Foxfire               Conj/Fire      100%       2x1d6     1%          1
b - Scorch                Fire           92%        2d10      1%          2

Your spell library contained the following spells:

 Spells                   Type           Power      Damage    Failure   Level
 Flame Wave               Conj/Fire      45%        2d12      7%          4
 Inner Flame              Hex/Fire       27%        N/A       8%          3
 Hailstorm                Conj/Ice       26%        3d7       10%         3
 Ignite Poison            Fire/Tmut/Pois 21%        N/A       13%         3
 Kindle Blastsparks       Fire/Tloc/Air  42%        2d13      13%         3
 Ice Form                 Ice/Tmut       8%         N/A       75%         4
 Freezing Cloud           Conj/Ice/Air   10%        6-21      78%         5
 Simulacrum               Ice/Necr       4%         N/A       100%        6


Dungeon Overview and Level Annotations

Branches:
Dungeon (8/15)             Temple (0/1) D:7           Sewer (visited)
   Lair: D:8-11

Altars:
Cheibriados
Dithmenos
Gozag
Kikubaaqudgha
Makhleb
Okawaru
Ru
Sif Muna
Trog
Vehumet
Wu Jian
The Shining One
Jiyva

Shops:
D:2 =

Annotations:
D:6 2 transporters, TheSexyCheese's ghost, novice DEFE


Innate Abilities, Weirdness & Mutations

You can spit globs of acid.
Your golden yellow scales are hard. (AC +7)
You cannot fit into any form of body armour.
You are cold-blooded and may be slowed by cold attacks.
You are resistant to acid. (rCorr)
Your large and strong wings let you fly.
Your tail ends in a venomous barb.
You are agile. (Dex +4, Str/Int -1)
Armour fits poorly on your massive pseudopods.
Your translucent skin slightly reduces your foes' accuracy. (Stealth+)
You have a small jelly attached to you that senses nearby items.
Your melee attacks may engulf your foes in ooze.


Message History

Something draws strength from your injuries!
You're too confused to cast spells.
You're too confused to cast spells.
You bump into the rock wall.
You feel less confused. Something hits you. Something barely misses you.
You conjure some foxfire!
Something hits you. Something bites you.
Something draws strength from your injuries!
You are too injured to fight recklessly!
You are too injured to fight recklessly!
Your foxfire dissipates!
The foxfire hits something but does no damage.
Something hits you. Something bites you but does no damage.
You are too injured to fight recklessly!
You are too injured to fight recklessly!
You are too injured to fight recklessly!
Something hits you!
* * * LOW HITPOINT WARNING * * *
Something bites you.
* * * LOW HITPOINT WARNING * * *
Something draws strength from your injuries!
You are too injured to fight recklessly!
You are too injured to fight recklessly!
You feel clever all of a sudden. Something hits you.
* * * LOW HITPOINT WARNING * * *
Something bites you but does no damage.
You are too injured to fight recklessly!
Casting: Foxfire (safe; 1% risk of failure)
Confirm with . or Enter, or press ? or * to list all spells.
You feel a surge of power!
You conjure some foxfire!
Something hits you but does no damage. Something bites you.
* * * LOW HITPOINT WARNING * * *
Something draws strength from your injuries!
The foxfire hits something.
The foxfire hits something but does no damage.
Something hits you!
* * * LOW HITPOINT WARNING * * *
Something bites you.
You die...

#......##
#._..#..##
#....##..##
#..####...##
#### ##.J.## .
#....#####..
##..........#
####..........#
........@...###
.......ยงยง...##
########....#
##.J.# ##...#
..J.# #.....
.....


You could see 3 neutral jellies (fellow slime).

Vanquished Creatures
  Sigmund (D:3)
  A wyvern (D:8)
  Edmund (D:6)
  A water moccasin (D:6)
  An ice beast (D:5)
  A black bear (D:5)
  A sky beast (D:4)
  3 ogres
  3 centaurs
  2 bullfrogs (D:7)
  2 scorpions
  A crimson imp (D:7)
  A gnoll bouda (D:6)
  An orc priest (D:7)
  2 sleepcaps
  4 iguanas
  Natasha (thrice) (D:3)
  5 orc wizards
  4 gnolls
  11 adders
  3 river rats (Sewer)
  4 white imps
  2 ufetubi
  2 worms
  2 dart slugs
  16 orcs
  An endoplasm (D:1)
  6 giant cockroaches
  3 goblins
  6 hobgoblins
  5 jackals
  10 kobolds
  3 quokkas
  7 ball pythons
  14 bats
  6 frilled lizards
  A goblin zombie (D:7)
  5 hobgoblin zombies (D:7)
  4 kobold zombies (D:7)
  2 rats
151 creatures vanquished.

Vanquished Creatures (collateral kills)
  Menkaure (D:7)
  A sleepcap (D:7)
  3 foxfires (D:5)
5 creatures vanquished.

Vanquished Creatures (others)
  A hound (D:6)
  7 jellies
  2 orc wizards
  2 gnolls (D:2)
  2 adders
  2 worms
  A dart slug (D:3)
  3 endoplasms
  5 orcs
  2 goblins
  A hobgoblin (D:2)
  A jackal (Sewer)
  A quokka (Sewer)
  A ball python (Sewer)
  A bat (D:3)
  A frilled lizard (Sewer)
  A kobold (D:2)
  997 foxfires
  7 fungi (D:5)
1038 creatures vanquished.

Grand Total: 1194 creatures vanquished

Notes
Turn   | Place    | Note
-------+----------+-------------------------------------------
     0 | D:1      | Azronical the Draconian Fire Elementalist began the quest
                  | for the Orb.
     0 | D:1      | Reached XP level 1. HP: 14/14 MP: 3/3
   347 | D:1      | Reached XP level 2. HP: 16/20 MP: 0/5
   350 | D:1      | Learned a level 2 spell: Scorch
   510 | D:1      | Found a faded altar of an unknown god.
   544 | D:1      | Prayed at the altar of an unknown god.
   544 | D:1      | Became a worshipper of Jiyva Juji the Shapeless
   544 | D:1      | Reached * piety under Jiyva
   832 | D:1      | Reached ** piety under Jiyva
  1077 | D:2      | Reached XP level 3. HP: 26/26 MP: 4/6
  1468 | D:2      | Found Xaoss's Jewellery Shoppe.
  1624 | D:2      | Reached *** piety under Jiyva
  1644 | D:2      | Reached XP level 4. HP: 33/33 MP: 8/8
  2042 | D:3      | Gained mutation: Your translucent skin slightly reduces
                  | your foes' accuracy. (Stealth+) [Jiyva's grace]
  2042 | D:3      | Gained mutation: Your translucent skin reduces your foes'
                  | accuracy. (Stealth+) [Jiyva's grace]
  2042 | D:3      | Gained mutation: Your transparent skin significantly
                  | reduces your foes' accuracy. (Stealth+) [Jiyva's grace]
  2042 | D:3      | Gained mutation: Your melee attacks may engulf your foes in
                  | ooze. [Jiyva's grace]
  2058 | D:3      | Found a burning altar of Makhleb.
  2061 | D:3      | Noticed Natasha
  2084 | D:3      | Killed Natasha
  2124 | D:3      | Noticed Natasha
  2150 | D:3      | Killed Natasha
  2151 | D:3      | Reached skill level 4 in Fire Magic
  2151 | D:3      | Reached XP level 5. HP: 38/38 MP: 9/9
  2235 | D:3      | Noticed Sigmund
  2247 | D:3      | Killed Sigmund
  2248 | D:3      | Reached XP level 6. HP: 46/46 MP: 8/11
  2305 | D:3      | Found a radiant altar of Vehumet.
  2306 | D:3      | Found an ornate altar of the Wu Jian Council.
  2408 | D:3      | Noticed Natasha
  2422 | D:3      | Killed Natasha
  2436 | D:3      | Found a snail-covered altar of Cheibriados.
  2833 | D:4      | Reached **** piety under Jiyva
  3087 | D:4      | Noticed a sky beast
  3103 | D:4      | Killed a sky beast
  3270 | D:4      | Your scales start taking on a golden yellow colour.
  3270 | D:4      | Reached XP level 7. HP: 51/51 MP: 13/13
  3270 | D:4      | Gained mutation: You are resistant to acid. (rCorr) [Yellow
                  | Draconian growth]
  3419 | D:5      | Entered Level 5 of the Dungeon
  3421 | D:5      | Found a shadowy altar of Dithmenos.
  3457 | D:5      | Reached skill level 5 in Fire Magic
  3589 | D:5      | Found a shimmering blue altar of Sif Muna.
  3700 | D:5      | Reached skill level 1 in Fighting
  3784 | D:5      | Found a glowing drain.
  3856 | Sewer    | Entered a sewer
  3888 | Sewer    | Reached ***** piety under Jiyva
  3963 | Sewer    | Lost mutation: Your transparent skin significantly reduces
                  | your foes' accuracy. (Stealth+) [Jiyva's grace]
  3963 | Sewer    | Gained mutation: Armour fits poorly on your pseudopods.
                  | [Jiyva's grace]
  3963 | Sewer    | Gained mutation: Armour fits poorly on your large
                  | pseudopods. [Jiyva's grace]
  3963 | Sewer    | Gained mutation: Armour fits poorly on your massive
                  | pseudopods. [Jiyva's grace]
  3963 | Sewer    | Gained mutation: You are agile. (Dex +4, Str/Int -1)
                  | [Jiyva's grace]
  4078 | Sewer    | Reached skill level 5 in Spellcasting
  4603 | D:5      | Reached XP level 8. HP: 59/59 MP: 13/15
  5022 | D:6      | Found a sacrificial altar of Ru.
  5073 | D:6      | Reached skill level 6 in Fire Magic
  5113 | D:6      | Noticed TheSexyCheese's ghost (novice DEFE)
  5184 | D:6      | Noticed Edmund
  5254 | D:6      | Killed Edmund
  5255 | D:6      | Reached skill level 5 in Conjurations
  5268 | D:6      | Noticed a hornet
  5271 | D:6      | Found a transporter.
  5276 | D:6      | Found a transporter.
  5512 | D:6      | Found an opulent altar of Gozag.
  5647 | D:6      | Found a bloodstained altar of Trog.
  5647 | D:6      | Found an iron altar of Okawaru.
  6075 | D:7      | Lost mutation: Your translucent skin reduces your foes'
                  | accuracy. (Stealth+) [Jiyva's grace]
  6075 | D:7      | Lost mutation: Your melee attacks may engulf your foes in
                  | ooze. [Jiyva's grace]
  6075 | D:7      | Gained mutation: Your melee attacks may engulf your foes in
                  | ooze. [Jiyva's grace]
  6075 | D:7      | Gained mutation: You have a small jelly attached to you
                  | that senses nearby items. [Jiyva's grace]
  6075 | D:7      | Gained mutation: Your large and strong wings let you fly.
                  | [Jiyva's grace]
  6075 | D:7      | Gained mutation: Your tail ends in a venomous barb.
                  | [Jiyva's grace]
  6127 | D:7      | Found a glowing golden altar of the Shining One.
  6230 | D:7      | Found a staircase to the Ecumenical Temple.
  6449 | D:7      | Reached XP level 9. HP: 63/67 MP: 16/18
  6533 | D:7      | Reached ****** piety under Jiyva
  6713 | D:7      | Noticed Menkaure
  6716 | D:7      | Killed Menkaure
  6926 | D:8      | Reached skill level 7 in Fire Magic
  7098 | D:8      | Found an ancient bone altar of Kikubaaqudgha.
  7156 | D:8      | Slain by a vampire

Illustrated notes

Levels and vault maps discovered:
D:1:      minmay_arrival_checkered_box, layout_loops_ring,
          ebering_ecumenical_altar_webs
D:2:      layout_basic, serial_shops, nicolae_shop_hallway_stairs
D:3:      layout_basic, mainiacjoe_overflow_brackets, lightli_temple_of_fire,
          chequers_temple_overflow_statue_of_worship, nicolae_underground_beach,
          uniq_sigmund, uniq_natasha
D:4:      layout_gridville, serial_bayou_pond_e
D:5:      layout_loops_cross, lemuel_tele_altar, mainiacjoe_overflow_boulevard,
          portal_sewer_entry_d
D:6:      layout_loops_ring, grunt_temple_overflow_bloody_war,
          nicolae_ru_great_annihilating_truth,
          nicolae_gozag_cash_rules_everything_around_me, gammafunk_ghost_hive,
          uniq_edmund
D:7:      layout_gridville, nicolae_tso_besieged_by_evil,
          minmay_temple_entry_offerings, reono_crystal_passage, uniq_menkaure
D:8:      layout_layer_cave, mainiacjoe_overflow_alcove_1, uniq_maurice

Skill      XL: |  1  2  3  4  5  6  7  8  9 |
---------------+----------------------------+-----
Dodging        | 2 3 4 |  4.0
Spellcasting   | 3 4 5 6 |  6.6
Stealth        | 2 |  2.7
Fire Magic     | 4 5 6 7 |  7.0
Conjurations   | 2 3 4 5 6 |  6.3
Fighting       | 1 2 |  2.1
Unarmed Combat | |  0.2

Action                     |  1- 3 |  4- 6 |  7- 9 || total
---------------------------+-------+-------+-------++-------
  Melee: Unarmed           |     3 |     1 |     4 ||     8
         Pseudopods        |       |       |     2 ||     2
         Tailslap          |       |       |     1 ||     1
         Flail             |       |       |     3 ||     3
   Cast: Foxfire           |    61 |    72 |   527 ||   660
         Scorch            |    19 |       |       ||    19
    Use: Potion            |       |     5 |     1 ||     6
         Scroll            |       |     2 |       ||     2
 Armour: Skin              |    35 |    11 |    77 ||   123
  Dodge: Dodged            |    71 |    61 |   211 ||   343

Table legend: (Time is in decaauts)
 A = Elapsed time spent in this place.
 B = Non-inter-level travel time spent in this place.
 C = Inter-level travel time spent in this place.
 D = Time resting spent in this place.
 E = Time spent auto-exploring this place.
 F = Levels seen in this place.
 G = Mean time per level.
                   A        B        C        D        E       F      G
               +--------+--------+--------+--------+--------+-----+--------+
         Total |   7433 |   6852 |    581 |      0 |   5007 |   9 |  825.9 |
       Dungeon |   6558 |   5977 |    581 |      0 |   4430 |   8 |  819.8 |
         Sewer |    874 |    874 |      0 |      0 |    577 |   1 |  874.0 |
               +--------+--------+--------+--------+--------+-----+--------+

Top non-repeatable levels by time:
     D:1: 1023 daAuts
     D:7: 1007 daAuts
     D:6: 956 daAuts
     D:2: 952 daAuts
     D:3: 889 daAuts
   Sewer: 874 daAuts
     D:5: 862 daAuts
     D:4: 603 daAuts
     D:8: 262 daAuts
